 Dungeon Crawl Stone Soup version 0.29.1-13-g9f3cf754e1 (webtiles) character file.

Game seed: 17421047802204236294

388 cdecastro the Shooter (level 7, -2/50 HPs)
             Began as a Formicid Hunter on Feb 3, 2023.
             Slain by a lemure (5 damage)
             ... led by Pikel
             ... on level 5 of the Dungeon on Feb 4, 2023.
             The game lasted 00:11:17 (3667 turns).

cdecastro the Shooter (Formicid Hunter)             Turns: 3667, Time: 00:11:18

Health: -2/50      AC:  6    Str: 21    XL:     7   Next: 7%
Magic:  0/7        EV: 11    Int:  9    God:
Gold:   297        SH:  0    Dex: 17    Spells: 6/6 levels left

rFire   . . .      SeeInvis +   a - +0 shortbow
rCold   . . .      Faith    .   (no shield)
rNeg    . . .      Spirit   +   q - +0 ring mail "Xium" {Str+4}
rPois   .          Reflect  .   (helmet unavailable)
rElec   .          Harm     .   (no cloak)
rCorr   .          Rampage  .   (no gloves)
Will    .....                   h - +0 pair of boots
Stlth   +.........              u - amulet of guardian spirit
HPRegen 0.16/turn               (no ring)
MPRegen 0.10/turn               (no ring)

@: no status effects
A: permanent stasis, dig shafts and tunnels, antennae 3, four strong arms
a: Dig, Shaft Self


You were on level 5 of the Dungeon.
You visited 1 branch of the dungeon, and saw 5 of its levels.

You collected 297 gold pieces.

Inventory:

Hand Weapons
 a - a +0 shortbow (weapon)
Missiles
 v - a throwing net
Armour
 c - a +0 leather armour
 h - a +0 pair of boots (worn)
 q - the +0 ring mail "Xium" (worn) {Str+4}
   (You found it on level 2 of the Dungeon)

   Str:       It affects your strength (+4).
Magical Staves
 k - a staff of death
Jewellery
 u - an amulet of guardian spirit (around neck)
 y - a +4 ring of evasion
Wands
 e - a wand of polymorph (25)
Scrolls
 b - 2 scrolls of immolation
 g - 5 scrolls of teleportation
 j - 2 scrolls of noise {unknown}
 l - a scroll of silence {unknown}
 o - a scroll of acquirement {unknown}
 r - a scroll of enchant armour {unknown}
 s - a scroll of poison {unknown}
 t - a scroll of fear {unknown}
 x - 3 scrolls of identify
Potions
 d - 4 potions of heal wounds
 f - a potion of resistance
 i - a potion of attraction
 m - 4 potions of curing
 n - a potion of brilliance {unknown}
 p - 3 potions of lignification
 w - a potion of degeneration {unknown}
 z - a potion of ambrosia {unknown}


   Skills:
 - Level 2.1 Fighting
 + Level 7.9 Ranged Weapons
 - Level 1.7 Dodging
 - Level 1.2 Stealth


You had 6 spell levels left.
You didn't know any spells.
Your spell library contained the following spells:

 Spells                   Type           Power      Damage    Failure   Level
 Necrotise                Necr           0%         1d4       56%         1
 Sandblast                Erth           0%         2d4       56%         1
 Shock                    Conj/Air       0%         1d3       56%         1
 Slow                     Hex            0%         N/A       56%         1
 Sting                    Tmut/Pois      0%         1d3       56%         1
 Summon Small Mammal      Summ           0%         N/A       56%         1
 Passwall                 Tmut/Erth      0%         N/A       71%         2
 Stone Arrow              Conj/Erth      0%         3d7       90%         3
 Vampiric Draining        Necr           0%         2d6       90%         3
 Agony                    Necr           0%         N/A       100%        5


Dungeon Overview and Level Annotations

Branches:
Dungeon (5/15)
 Temple: D:4-7

Altars:
Elyvilon
Gozag
Sif Muna
Vehumet
Wu Jian

Shops:
D:4 [

Annotations:
D:3 not done
D:4 not done


Innate Abilities, Weirdness & Mutations

You cannot be hasted, slowed, berserked, paralysed or teleported.
You can dig through walls and to a lower floor.
You have a pair of large antennae on your head. (SInv)
Your four strong arms can wield two-handed weapons with a shield.


Message History

You shoot an arrow. The arrow hits the lemure.
The lemure is almost dead.
The lemure hits you.
* * * LOW HITPOINT WARNING * * *
Fire: a) +0 shortbow
Press: ? - help, Q - select action, (/) - cycle Shift-Dir - straight line, f/p - lemure
Aim: a lemure (severely wounded, 58% to hit)
You shoot an arrow.
The arrow hits the lemure but does no damage.
The lemure is almost dead.
The lemure hits you!
* * * LOW HITPOINT WARNING * * *
Fire: a) +0 shortbow
Press: ? - help, Q - select action, (/) - cycle Shift-Dir - straight line, f/p - lemure
Aim: a lemure (severely wounded, 58% to hit)
You shoot an arrow. The arrow hits the lemure.
You kill the lemure!
That felt strangely unrewarding.
Fire: a) +0 shortbow
Press: ? - help, Q - select action, (/) - cycle Shift-Dir - straight line, f/p - lemure
Aim: a lemure (severely wounded, 58% to hit)
You shoot an arrow. The arrow misses the lemure.
The lemure barely misses you.
Unknown command.
Fire: a) +0 shortbow
Press: ? - help, Q - select action, (/) - cycle Shift-Dir - straight line, f/p - lemure
Aim: a lemure (severely wounded, 58% to hit)
You shoot an arrow. The arrow hits the lemure.
The lemure is almost dead.
The lemure hits you.
* * * LOW HITPOINT WARNING * * *
Okay, then.
Fire: a) +0 shortbow
Press: ? - help, Q - select action, (/) - cycle Shift-Dir - straight line, f/p - lemure
Aim: a lemure (almost dead, 58% to hit)
You shoot an arrow. The arrow completely misses the lemure.
The lemure hits you.
* * * LOW HITPOINT WARNING * * *
The lemure hits you.
You die...

##.###........
#..♣♣♣♣♣♣♣♣♣.
##.♣.........♣ #
##..♣.≈≈≈≈≈≈≈.♣ ##
##..#♣≈..≈≈≈..≈♣ .#
##....♣≈.≈...≈.≈♣ .##
#.....♣≈.≈._.≈.≈♣
..##
##5#...♣≈.≈...≈.≈♣
...##
##@##...♣≈..≈≈≈..≈♣
....##
##..##)..♣.≈≈≈≈≈≈≈.♣
.....#
##..####..♣.........♣
.....## ##..##
#...♣♣♣♣♣♣♣♣♣.
......## ##..##
#.......# ##
.......## #..##
##......# #
........###..#
###..###
.........#..## ####
...........##


You could see a lemure.

Vanquished Creatures
  A phantom (D:4)
  2 lemures (D:5)
  Blork the orc (D:5)
  3 hounds
  An iguana (D:5)
  Ijyb (D:5)
  2 adders
  3 worms
  A dart slug (D:2)
  An orc (D:5)
  13 bats
  2 endoplasms
  9 goblins
  5 hobgoblins
  3 jackals (D:2)
  7 kobolds
  7 quokkas
  9 ball pythons
  2 frilled lizards
  A rat (D:1)
74 creatures vanquished.

Vanquished Creatures (others)
  3 fungi (D:2)
  A plant (D:2)
4 creatures vanquished.

Grand Total: 78 creatures vanquished

Notes
Turn   | Place    | Note
-------+----------+-------------------------------------------
     0 | D:1      | cdecastro the Formicid Hunter began the quest for the Orb.
     0 | D:1      | Reached XP level 1. HP: 16/16 MP: 1/1
   234 | D:1      | Reached XP level 2. HP: 22/22 MP: 2/2
   644 | D:2      | Reached XP level 3. HP: 27/27 MP: 3/3
   718 | D:2      | Reached skill level 5 in Ranged Weapons
  1018 | D:2      | Found a faded altar of an unknown god.
  1044 | D:2      | Got Plato's Parchment of the Sky
  1151 | D:2      | Identified the +0 ring mail "Xium" {Str+4}
  1302 | D:2      | Reached XP level 4. HP: 33/33 MP: 4/4
  1968 | D:3      | Noticed an ogre
  2047 | D:3      | Reached skill level 6 in Ranged Weapons
  2047 | D:3      | Reached XP level 5. HP: 32/38 MP: 5/5
  2166 | D:4      | Found Monus's Antique Armour Emporium.
  2169 | D:4      | Noticed a black bear
  2633 | D:3      | Found a white marble altar of Elyvilon.
  2633 | D:3      | Found an ornate altar of the Wu Jian Council.
  2635 | D:3      | Found a radiant altar of Vehumet.
  2731 | D:4      | Noticed a phantom
  2747 | D:4      | Killed a phantom
  2748 | D:4      | Reached skill level 7 in Ranged Weapons
  2748 | D:4      | Reached XP level 6. HP: 29/44 MP: 3/6
  2869 | D:4      | Found a shimmering blue altar of Sif Muna.
  2875 | D:4      | Got Sif Muna's Vellum of Vitiation
  2877 | D:4      | Got Sif Muna's Dissertation on Fascination
  2879 | D:4      | Got Sif Muna's Quarto of Creation
  2932 | D:4      | Noticed an ogre
  3093 | D:5      | Entered Level 5 of the Dungeon
  3093 | D:5      | Noticed Ijyb
  3119 | D:5      | Killed Ijyb
  3441 | D:5      | Found an opulent altar of Gozag.
  3609 | D:5      | Noticed Blork the orc
  3652 | D:5      | Killed Blork the orc
  3653 | D:5      | Reached XP level 7. HP: 27/50 MP: 2/7
  3667 | D:5      | Slain by a lemure

Illustrated notes

Levels and vault maps discovered:
D:1:      evilmike_arrival_rings, layout_rooms, minmay_tetromino_s4
D:2:      layout_loops_corners, shapermc_ecumenical_altar_rom_forum,
          fountainhead, minivault_11
D:3:      layout_rooms, nicolae_overflow_hidden_temple, minmay_cupped
D:4:      layout_rooms, nicolae_sif_muna_little_library, serial_shops, shop,
          portal_sewer_entry_b, uniq_grinder, uniq_crazy_yiuf_cottage
D:5:      layout_cave_pods, mainiacjoe_overflow_paths, uniq_ijyb, uniq_pikel,
          uniq_blork_the_orc

Skill      XL: |  1  2  3  4  5 |
---------------+----------------+-----
Ranged Weapons | 5 6 7 |  7.9
Fighting       | |  2.1
Dodging        | |  1.7
Stealth        | |  1.2

Action                   |  1- 3 |  4- 6 |  7- 9 || total
-------------------------+-------+-------+-------++-------
 Fire: Shortbow          |    88 |   166 |    15 ||   269
 Abil: Dig               |     1 |     2 |       ||     3
  Use: Scroll            |       |     6 |       ||     6
       Potion            |       |     1 |       ||     1
Armor: Leather armour    |     6 |    12 |       ||    18
       Ring mail         |       |    49 |     3 ||    52
Dodge: Dodged            |    31 |    97 |     5 ||   133
